 Dungeon Crawl Stone Soup version 0.19-a0-1049-g462a813 (webtiles) character file.

1 Jmtri7 the Charlatan (level 1, -1/15 HPs)
             Began as a Formicid Artificer on July 31, 2016.
             Slain by an orc warrior
             ... wielding a +0 trident
             ... led by an orc knight
              (11 damage)
             ... on level 13 of the Dungeon.
             The game lasted 00:01:24 (36 turns).

Jmtri7 the Charlatan (Formicid Artificer)             Turns: 36, Time: 00:01:25

Health: -1/15      AC:  3    Str: 16    XL:     1   Next: 22%
Magic:  3/3        EV: 11    Int: 10    God:
Gold:   14         SH:  0    Dex: 11    Spells: 0 memorised, 0 levels left

rFire  . . .     SeeInvis +     a - +0 short sword
rCold  . . .     Gourm    .     b - +0 leather armour
rNeg   . . .     Faith    .     (no shield)
rPois  .         Spirit   .     (helmet unavailable)
rElec  .         Dismiss  .     (no cloak)
rCorr  .         Reflect  .     (no gloves)
SustAt .         Harm     .     (no boots)
MR     .....                    (no amulet)
Stlth  +.........               (no ring)
                                (no ring)

@: not resistant to hostile enchantments, very unstealthy
A: permanent stasis, dig shafts and tunnels, four strong arms, antennae 3
a: Dig, Shaft Self


You were on level 13 of the Dungeon.
You were not hungry.

You visited 1 branch of the dungeon, and saw 8 of its levels.

You collected 14 gold pieces.

Inventory:

Hand Weapons
 a - a +0 short sword (weapon)
Armour
 b - a +0 leather armour (worn)
Wands
 c - a wand of flame (15/48)
 d - a wand of enslavement (14/24)
 e - a wand of random effects (15/48)
Comestibles
 f - a bread ration


   Skills:
 - Level 1.1 Fighting
 - Level 1.0 Short Blades
 - Level 1.7 Dodging
 - Level 1.2 Stealth
 + Level 3.4 Evocations


You couldn't memorise any spells.
You didn't know any spells.

Dungeon Overview and Level Annotations

Branches:
Dungeon (7/15)
 Temple: D:4-7

Altars:


Innate Abilities, Weirdness & Mutations

You are under a permanent stasis effect.
You can dig through walls and to a lower floor.
Your four strong arms can wield two-handed weapons with a shield.
You have a pair of large antennae on your head. (SInv)


Message History

Something barely misses your deep elf mage.
The orc knight misses your deep elf mage.
Your deep elf mage hits the orc with a rapier!
The orc dies!
Something hits your deep elf mage!
The orc warrior barely misses your deep elf mage.
Your deep elf mage hits something with a rapier.
The orc knight roars a battlecry!
The orc warrior goes into a battle-frenzy!
The orc knight hits your deep elf mage with a war axe.
Something hits your deep elf mage!
Your deep elf mage dies!
Your battlesphere dissipates.
You hear a shout!
Are you sure you want to shaft yourself?
You feel quite a bit more hungry.
You begin to dig a shaft.
You continue digging a shaft.
The orc warrior hits you from afar with a trident!
Ouch! That really hurt!
You die... #... #... #... #...{ #.h{ ยง)oo

#o### #...#
######@##
#.......#
#.......#
#.......#
#.......#
#...........
#.......####
#.......#
#####.###


You could see a warg and 2 orc warriors.

Vanquished Creatures (collateral kills)
  An orc (D:13)
1 creature vanquished.

Vanquished Creatures (others)
  A deep elf mage (D:13)
1 creature vanquished.

Grand Total: 2 creatures vanquished

Notes
Turn   | Place    | Note
-------+----------+-------------------------------------------
     0 | D:1      | Jmtri7 the Formicid Artificer began the quest for the Orb.
     0 | D:1      | Reached XP level 1. HP: 15/15 MP: 3/3
     3 | D:1      | You fall through a shaft!
     7 | D:2      | You fall through a shaft for 2 floors!
    10 | D:4      | You fall through a shaft!
    10 | D:5      | Entered Level 5 of the Dungeon
    13 | D:5      | You fall through a shaft!
    16 | D:6      | You fall through a shaft!
    19 | D:7      | You fall through a shaft for 3 floors!
    19 | D:10     | Entered Level 10 of the Dungeon
    22 | D:10     | You fall through a shaft for 3 floors!
    22 | D:13     | Noticed a deep elf mage
    28 | D:13     | Noticed an orc warrior
    32 | D:13     | Noticed an orc knight
    36 | D:13     | Noticed a warg
    36 | D:13     | Noticed an orc warrior
    36 | D:13     | Slain by an orc warrior

Vault maps used:
D:1:      saegor_arrival_simple_e, glass_columns_a, patterned_corridor
D:2:      ecumenical_altar_2, minmay_vboxes
D:4:      old_standard_altar, first_bread
D:5:      kennysheep_mini_moat, serial_shops, shop,
          nicolae_qazlal_general_emergency
D:6:      cheibrodos_worm_habitat, okawaru_metal_pillars_1_2
D:7:      the_bakery
D:10:     zombieorc2_lemuel, serial_shops, shop_statue, uniq_harold
D:13:     grunt_vaults_entry_tiered, portal_ice_cave_entry_pillars_2

Action                   || total
-------------------------++-------
 Abil: Shaft Self        ||     8
Evoke: Wand              ||     1
